 Dungeon Crawl Stone Soup version 0.20.1-1-g8b1a95d (webtiles) character file.

3612 ReignOfFire the Carver (level 9, -1/68 HPs)
             Began as a Demonspawn Gladiator on July 27, 2017.
             Was a Follower of Makhleb.
             Slain by a two-headed ogre
             ... wielding a +0 dire flail
              (10 damage)
             ... on level 8 of the Dungeon.
             The game lasted 00:08:34 (6309 turns).

ReignOfFire the Carver (Demonspawn Gladiator)       Turns: 6309, Time: 00:08:35

Health: -1/68      AC: 19    Str: 15    XL:     9   Next: 86%
Magic:  9/9        EV:  4    Int: 10    God:    Makhleb [*.....]
Gold:   429        SH:  0    Dex: 17    Spells: 8/8 levels left

rFire    . . .     SeeInvis .   a - +0 long sword
rCold    . . .     Gourm    .   (no shield)
rNeg     + . .     Faith    .   Q - +0 crystal plate armour
rPois    .         Spirit   .   c - +0 helmet
rElec    .         Reflect  .   L - scarf {repulsion}
rCorr    .         Harm     .   x - +1 pair of gloves
MR       .....                  (boots unavailable)
Stlth    ..........             u - amulet of magic regeneration
Regen    0.3/turn               m - ring of positive energy
MPRegen  0.2/turn               (no ring)

@: repel missiles
A: talons 3, repulsion field 1, demonic guardian 1, spiny 2
a: Renounce Religion


You were on level 8 of the Dungeon.
You worshipped Makhleb.
Makhleb was aware of your devotion.
You were hungry.

You visited 1 branch of the dungeon, and saw 8 of its levels.

You collected 429 gold pieces.

Inventory:

Hand Weapons
 a - a +0 long sword (weapon)
Armour
 b - a +0 leather armour
 c - a +0 helmet (worn)
 x - a +1 pair of gloves (worn)
 B - a +2 cloak
 L - a scarf of repulsion (worn)
 Q - a +0 crystal plate armour (worn)
Jewellery
 m - a ring of positive energy (left hand)
 q - an uncursed ring of fire
 u - an amulet of magic regeneration (around neck)
 y - an uncursed ring of fire
 E - a cursed -5 ring of evasion {unknown}
Wands
 s - a wand of random effects (17/48)
 w - a wand of polymorph (13/24)
 D - a wand of polymorph (14/24)
 G - a wand of iceblast (9/15)
 K - a wand of flame (20/48)
Scrolls
 e - 13 scrolls of identify {unknown}
 g - 4 scrolls of enchant weapon {unknown}
 i - 5 scrolls of teleportation {unknown}
 n - 8 scrolls of remove curse {unknown}
 o - 5 scrolls of recharging {unknown}
 p - 4 scrolls of amnesia {unknown}
 r - 3 scrolls of enchant armour {unknown}
 C - a scroll of brand weapon {unknown}
 F - a scroll of noise {unknown}
Potions
 j - 4 potions of curing {unknown}
 k - 4 potions of mutation {unknown}
 t - a potion of flight {unknown}
 v - 2 potions of degeneration {unknown}
 z - a potion of invisibility
 A - 2 potions of heal wounds {unknown}
 N - a potion of agility {unknown}
 O - a potion of ambrosia {unknown}
 P - 2 potions of brilliance {unknown}
Books
 I - a book of Misfortune

   Spells                             Type                      Level
   a - Confusing Touch                Hexes                        1
   b - Confuse                        Hexes                        3
   c - Gell's Gravitas                Translocation                3
   d - Petrify                        Transmutation/Earth          4
   e - Metabolic Englaciation         Hexes/Ice                    5
   f - Yara's Violent Unravelling     Hexes/Transmutation          5
 J - a book of Minor Magic

   Spells                             Type                      Level
   a - Magic Dart                     Conjuration                  1
   b - Blink                          Translocation                2
   c - Call Imp                       Summoning                    2
   d - Slow                           Hexes                        2
   e - Conjure Flame                  Conjuration/Fire             3
   f - Mephitic Cloud                 Conjuration/Poison/Air       3
 R - a book of Air

   Spells                             Type                      Level
   a - Shock                          Conjuration/Air              1
   b - Swiftness                      Charms/Air                   2
   c - Static Discharge               Conjuration/Air              3
   d - Airstrike                      Air                          4
   e - Lightning Bolt                 Conjuration/Air              5
Comestibles
 f - 4 bread rations
 h - 5 meat rations
 l - 8 fruits
 H - 2 royal jellies


   Skills:
 + Level 5.5 Fighting
 + Level 8.9 Long Blades
 + Level 2.4 Throwing
 + Level 3.9 Armour
 + Level 5.5 Dodging
 + Level 5.8 Stealth
 + Level 0.5 Unarmed Combat


You had 8 spell levels left.
You didn't know any spells.

Dungeon Overview and Level Annotations

Branches:
Dungeon (8/15)             Temple (0/1) D:7
   Lair: D:8-11

Altars:
Cheibriados
Hepliaklqana
Makhleb

Shops:
D:4 [


Innate Abilities, Weirdness & Mutations

You have claws for feet.
You are surrounded by a mild repulsion field. (EV +2)
A weak demonic guardian rushes to your aid.
You are mostly covered in sharp spines.


Message History

You claw the two-headed ogre.
The two-headed ogre is heavily wounded.
The two-headed ogre is struck by your spines.
The two-headed ogre barely misses you.
You riposte.
Your crystal plate armour prevents you from hitting the two-headed ogre.
The two-headed ogre is severely wounded.
The two-headed ogre hits you but does no damage.
You hit the two-headed ogre. Your kick misses the two-headed ogre.
The two-headed ogre is almost dead.
You hit the two-headed ogre but do no damage.
Your kick misses the two-headed ogre.
The two-headed ogre is almost dead.
The two-headed ogre is struck by your spines.
The two-headed ogre hits you with a dire flail!
* * * LOW HITPOINT WARNING * * *
The two-headed ogre hits you but does no damage.
You hit the two-headed ogre.
The two-headed ogre is almost dead.
The two-headed ogre hits you with a dire flail!
You die...

#########
(........
#......!.
#........
#.......) #
#........ ###
...####.)......
#.##
#.....)O......
#>.###
.....##@#######
#....#
####.##)#######
#.##.#
#...((.....#
#.##.##
####.#####....
... #.##..###
##.(# . ...
#.###...#####..##
.. #.#
###...5.#.## ###
#.# #####...# #..
#.# ##..# #..


You could see a two-headed ogre.

Vanquished Creatures
  A two-headed ogre (D:8)
  Joseph (D:8)
  A hippogriff (D:8)
  Sigmund (D:3)
  A hungry ghost (D:8)
  Duvessa (D:5)
  The ghost of Giltor the Sneak, an amateur SpEn (D:7)
  An orc warrior (D:7)
  A sky beast (D:5)
  An ice beast (D:5)
  An ogre (D:8)
  A necrophage (D:5)
  The ghost of ReignOfFire the Slasher, an amateur DsGl (D:4)
  2 centaurs
  2 bullfrogs (D:6)
  2 scorpions
  Dowan (D:5)
  4 wights (D:6)
  A crimson imp (D:7)
  A bullfrog zombie (D:8)
  2 hounds
  2 jellies
  3 orc priests
  Crazy Yiuf (D:5)
  Ijyb (D:5)
  2 centaur skeletons
  6 worker ants
  An iguana (D:4)
  4 orc wizards
  A hound skeleton (D:5)
  A worker ant zombie (D:5)
  A howler monkey skeleton (D:7)
  12 adders
  4 adder skeletons
  An adder zombie (D:5)
  2 worms
  2 leopard geckos
  12 orcs
  4 bats
  7 giant cockroaches
  11 goblins
  5 hobgoblins
  12 jackals
  4 kobolds
  6 quokkas
  A ball python (D:2)
  4 frilled lizards
  A leopard gecko skeleton (D:5)
  7 rats
146 creatures vanquished.

Vanquished Creatures (collateral kills)
  2 ogres
  An orc (D:8)
  2 jackals (D:8)
5 creatures vanquished.

Grand Total: 151 creatures vanquished

Notes
Turn   | Place    | Note
-------+----------+-------------------------------------------
     0 | D:1      | ReignOfFire the Demonspawn Gladiator began the quest for the Orb.
     0 | D:1      | Reached XP level 1. HP: 16/16 MP: 1/1
    15 | D:1      | Reached skill level 3 in Long Blades
    72 | D:1      | Gained mutation: You are partially covered in sharp spines. [demonic ancestry]
    72 | D:1      | Reached XP level 2. HP: 21/22 MP: 2/2
   464 | D:2      | Gained mutation: You have sharp toenails. [demonic ancestry]
   464 | D:2      | Reached XP level 3. HP: 26/27 MP: 3/3
   604 | D:2      | Gained mutation: You are mostly covered in sharp spines. [demonic ancestry]
   604 | D:2      | Reached XP level 4. HP: 29/33 MP: 4/4
  1156 | D:3      | Reached skill level 1 in Armour
  1328 | D:3      | Noticed Sigmund
  1345 | D:3      | Killed Sigmund
  1345 | D:3      | Reached skill level 4 in Long Blades
  1345 | D:3      | Gained mutation: A weak demonic guardian rushes to your aid. [demonic ancestry]
  1345 | D:3      | Reached XP level 5. HP: 12/39 MP: 5/5
  1345 | D:3      | Gained mutation: You have razor-sharp toenails. [demonic ancestry]
  1345 | D:3      | Reached XP level 6. HP: 15/46 MP: 6/6
  1826 | D:4      | Reached skill level 1 in Stealth
  2095 | D:4      | Reached skill level 5 in Long Blades
  2230 | D:4      | Noticed ReignOfFire's ghost (amateur DsGl)
  2267 | D:4      | Killed ReignOfFire's ghost
  2267 | D:4      | Reached XP level 7. HP: 52/52 MP: 7/7
  2332 | D:4      | Found Ureesug's Armour Shop.
  2390 | D:5      | Entered Level 5 of the Dungeon
  2703 | D:5      | Noticed Ijyb
  2732 | D:5      | Killed Ijyb
  3045 | D:5      | Noticed Duvessa
  3054 | D:5      | Noticed Dowan
  3066 | D:5      | Killed Dowan
  3083 | D:5      | Killed Duvessa
  3083 | D:5      | Gained mutation: You are surrounded by a mild repulsion field. (EV +2) [demonic ancestry]
  3083 | D:5      | Reached XP level 8. HP: 22/60 MP: 8/8
  3413 | D:5      | Reached skill level 6 in Long Blades
  3473 | D:5      | Found a runed door.
  3651 | D:5      | Found a burning altar of Makhleb.
  3651 | D:5      | Found a snail-covered altar of Cheibriados.
  3774 | D:5      | Became a worshipper of Makhleb the Destroyer
  3861 | D:5      | Noticed Crazy Yiuf
  3868 | D:5      | Killed Crazy Yiuf
  5066 | D:7      | Reached skill level 7 in Long Blades
  5069 | D:7      | Noticed Giltor's ghost (amateur SpEn)
  5082 | D:7      | Killed Giltor's ghost
  5127 | D:7      | Reached skill level 5 in Dodging
  5237 | D:7      | Reached * piety under Makhleb
  5237 | D:7      | Gained mutation: You have claws for feet. [demonic ancestry]
  5237 | D:7      | Reached XP level 9. HP: 55/66 MP: 9/9
  5444 | D:7      | Found a staircase to the Ecumenical Temple.
  5488 | D:7      | Found a hazy altar of Hepliaklqana.
  5849 | D:8      | Noticed a two-headed ogre
  5864 | D:8      | Killed a two-headed ogre
  5864 | D:8      | Reached skill level 8 in Long Blades
  5864 | D:8      | Reached skill level 5 in Stealth
  6025 | D:8      | Reached skill level 5 in Fighting
  6262 | D:8      | Noticed Joseph
  6290 | D:8      | Killed Joseph
  6299 | D:8      | Noticed a two-headed ogre
  6309 | D:8      | Slain by a two-headed ogre

Skill      XL: |  1  2  3  4  5  6  7  8  9 |
---------------+----------------------------+-----
Long Blades    | 3 4 5 7 8 |  8.9
Dodging        | 3 4 5 |  5.5
Armour         | 1 2 3 |  3.9
Throwing       | 2 |  2.4
Stealth        | 1 3 4 5 |  5.8
Fighting       | 3 4 5 |  5.5
Unarmed Combat | |  0.5

Action                   |  1- 3 |  4- 6 |  7- 9 || total
-------------------------+-------+-------+-------++-------
Melee: Long sword        |    56 |    83 |   212 ||   351
       Kick              |     3 |    21 |    87 ||   111
       Unarmed           |       |       |    24 ||    24
       Punch             |       |       |     1 ||     1
Throw: Throwing net      |       |     3 |     5 ||     8
  Use: Potion            |       |     2 |       ||     2
 Stab: Invisible         |       |     4 |       ||     4
       Sleeping          |       |     2 |    11 ||    13
       Distracted        |       |     1 |       ||     1
       Held in net/web   |       |       |     2 ||     2
  Eat: Chunk             |       |     4 |    14 ||    18
Armor: Leather armour    |    11 |    10 |    28 ||    49
       Skin              |       |    13 |       ||    13
       Crystal plate arm |       |       |    37 ||    37
Dodge: Dodged            |    45 |    46 |   127 ||   218
       Deflected         |       |       |     2 ||     2
       Rpst.: Long sword |    20 |    12 |    35 ||    67
